cohdb
Replays
Latest Replays
All Replays
Popular Replays
Top Player Replays
Match Explorer
How It Works
Community
CoH3 Stats
Reddit
Sign in to upload your games and track your stats! →
Sign in with Steam
Match 42893000
Unlisted
Match 42893000
Overview
Messages
Build Orders
End
Construct Infanterie Kompanie
MG 42 Machine Gun Team
Grenadier Squad
Grenadier Squad
Grenadier Squad
Construct Panzergrenadier Kompanie
Panzergrenadier Squad
Medical Station
Panzergrenadier Squad
Construct Panzer Kompanie
Pak 40 Anti-tank Gun Team
Selects Breakthrough Battlegroup
Selects Rapid Production
Selects Blitzkrieg
Selects Assault Grenadiers
Selects Breakthrough
Selects Rapid Production
Selects Blitzkrieg
Panzer IV Medium Tank
Pioneer Squad
Panzer IV Medium Tank
Pak 40 Anti-tank Gun Team
Selects Tiger Heavy Tank
Pak 40 Anti-tank Gun Team
Tiger Heavy Tank
GoLdenCoBRaaa
Trion
Saevo
Numenour
0
0
Comments
sign in to comment!
No comments posted yet!